 Dungeon Crawl Stone Soup version 0.30-a0-859-gf88a04b62d (webtiles) character file.

Game seed: 17227609614064286827

59 retardedninja the Shield-Bearer (level 4, -2/41 HPs)
             Began as a Gnoll Fighter on Mar 6, 2023.
             Was a Follower of Lugonu.
             Slain by Terence
             ... wielding a +0 flail
              (9 damage)
             ... on level 2 of the Dungeon.
             The game lasted 00:03:08 (1440 turns).

retardedninja the Shield-Bearer (Gnoll Fighter)     Turns: 1440, Time: 00:03:09

Health: -2/41      AC:  7    Str: 18    XL:     4   Next: 3%
Magic:  5/5        EV:  9    Int:  7    God:    Lugonu [*.....]
Gold:   172        SH:  5    Dex: 11    Spells: 5/5 levels left

rFire   . . .      SeeInvis .    a - +0 flail
rCold   . . .      Faith    .    c - +0 buckler
rNeg    . . .      Spirit   .    b - +0 scale mail
rPois   .          Reflect  .    (no helmet)
rElec   .          Rampage  .    (no cloak)
rCorr   .                        (no gloves)
Will    .....                    (no boots) Stlth
                                 (no amulet)
HPRegen 0.26/turn                (no ring)
MPRegen 0.09/turn                (no ring)

@: mighty
A: fangs 1, strong nose, distributed training
a: Renounce Religion, Depart the Abyss


You were on level 2 of the Dungeon.
You worshipped Lugonu.
Lugonu was aware of your devotion.
You visited 1 branch of the dungeon, and saw 2 of its levels.

You collected 172 gold pieces.

Inventory:

Hand Weapons
 a - a +0 flail (weapon)
Armour
 b - a +0 scale mail (worn)
 c - a +0 buckler (worn)
 g - a +0 chain mail
Jewellery
 e - a +6 ring of intelligence
 l - a +6 ring of strength
 m - a ring of protection from fire
Scrolls
 h - a scroll of identify {unknown}
 j - a scroll of noise {unknown}
 n - 2 scrolls of blinking {unknown}
Potions
 i - a potion of cancellation
 k - a potion of attraction {unknown}
 o - a potion of flight {unknown}
 p - a potion of haste {unknown}


   Skills:
 + Level 6.6 Fighting
 + Level 1.0 Short Blades
 + Level 1.0 Long Blades
 + Level 1.0 Axes
 + Level 4.6 Maces & Flails
 + Level 1.0 Polearms
 + Level 1.0 Staves
 + Level 1.0 Ranged Weapons
 + Level 1.0 Throwing
 + Level 6.6 Armour
 + Level 1.0 Dodging
 + Level 1.0 Stealth
 + Level 6.6 Shields
 + Level 1.0 Unarmed Combat
 + Level 1.0 Spellcasting
 + Level 0.8 Conjurations
 + Level 0.8 Hexes
 + Level 0.8 Summonings
 + Level 0.8 Necromancy
 + Level 0.8 Translocations
 + Level 0.8 Transmutations
 + Level 0.8 Fire Magic
 + Level 0.8 Ice Magic
 + Level 0.8 Air Magic
 + Level 0.8 Earth Magic
 + Level 0.8 Poison Magic
 + Level 1.1 Invocations
 + Level 1.0 Evocations


You had 5 spell levels left.
You didn't know any spells.
Your spell library contained the following spells:

 Spells                   Type           Power      Damage    Failure   Level
 Summon Small Mammal      Summ           4%         N/A       71%         1
 Call Canine Familiar     Summ           1%         N/A       97%         3
 Dazzling Flash           Conj/Hex       2%         N/A       97%         3
 Summon Guardian Golem    Hex/Summ       1%         N/A       97%         3
 Iskenderun's Mystic Bla  Conj/Tloc      1%         2d3       100%        4
 Starburst                Conj/Fire      0%         6d3       100%        6


Dungeon Overview and Level Annotations

Branches:
Dungeon (2/15)

Altars:
Lugonu

Annotations:
D:2 Terence


Innate Abilities, Weirdness & Mutations

You have very sharp teeth.
Your uncanny sense of smell can sniff out nearby items.
Your experience applies equally to all skills.


Message History

Terence the Incautious comes into view.
He is wielding a +0 flail.
There are monsters nearby!
There are monsters nearby!
You block the hobgoblin's attack.
You sock the hobgoblin!
You kill the hobgoblin!
Lugonu accepts your kill.
You closely miss Terence. You block Terence's attack.
You hit Terence but do no damage. Terence hits you with a +0 flail.
You barely miss Terence. Terence hits you with a +0 flail!
Terence closely misses you.
Terence is nearby!
You hit Terence but do no damage. Terence hits you with a +0 flail!
Terence is nearby!
You are too injured to fight recklessly!
Terence is nearby!
You are too injured to fight recklessly!
Terence is nearby!
You are too injured to fight recklessly!
Terence is nearby!
You are too injured to fight recklessly!
Terence is nearby!
You are too injured to fight recklessly!
Unknown command.
You are too injured to fight recklessly!
You barely miss Terence. Terence hits you with a +0 flail!
You sock Terence!
Terence is heavily wounded.
Terence barely misses you.
You fade into invisibility!
Terence hits you with a +0 flail!
* * * LOW HITPOINT WARNING * * *
It was a potion of cancellation.
Your magical effects are unravelling.
You feel magically purged.
You flicker back into view.
Terence drinks a potion.
Terence is healed!
You feel very mighty all of a sudden. Terence hits you with a +0 flail!
You die...

#... #.#
#.#
.....###
#.#
#...##
#.#
##.##
#.####
#.#
#....#
#.#
####.#
#.# #.#
#@# #@#
#.# #.#
... ...
...
∆....#


You could see Terence.

Vanquished Creatures
  An adder (D:2)
  4 endoplasms
  3 giant cockroaches (D:1)
  A goblin (D:2)
  3 hobgoblins (D:2)
  8 jackals (D:1)
  4 quokkas (D:1)
  3 ball pythons
  4 bats (D:1)
  6 frilled lizards
  9 kobolds
  A rat (D:1)
47 creatures vanquished.

Vanquished Creatures (others)
  3 plants (D:1)
  3 withered plants (D:1)
6 creatures vanquished.

Grand Total: 53 creatures vanquished

Notes
Turn   | Place    | Note
-------+----------+-------------------------------------------
     0 | D:1      | retardedninja the Gnoll Fighter began the quest for the
                  | Orb.
     0 | D:1      | Reached XP level 1. HP: 23/23 MP: 1/1
   169 | D:1      | Reached XP level 2. HP: 29/29 MP: 2/2
   429 | D:1      | Found a faded altar of an unknown god.
   455 | D:1      | Prayed at the altar of an unknown god.
   455 | D:1      | Became a worshipper of Lugonu the Unformed
   455 | D:1      | Reached * piety under Lugonu
   471 | D:1      | Reached XP level 3. HP: 31/31 MP: 3/3
   634 | D:1      | Reached skill level 1 in Invocations
   932 | D:2      | Reached skill level 1 in Short Blades
   932 | D:2      | Reached skill level 1 in Long Blades
   932 | D:2      | Reached skill level 1 in Axes
   932 | D:2      | Reached skill level 1 in Polearms
   932 | D:2      | Reached skill level 1 in Staves
   932 | D:2      | Reached skill level 1 in Ranged Weapons
   932 | D:2      | Reached skill level 1 in Throwing
   932 | D:2      | Reached skill level 1 in Dodging
   932 | D:2      | Reached skill level 1 in Stealth
   932 | D:2      | Reached skill level 1 in Unarmed Combat
   932 | D:2      | Reached skill level 1 in Spellcasting
   932 | D:2      | Reached skill level 1 in Evocations
  1357 | D:2      | Reached XP level 4. HP: 41/41 MP: 5/5
  1428 | D:2      | Noticed Terence
  1440 | D:2      | Slain by Terence

Illustrated notes

Levels and vault maps discovered:
D:1:      eino_arrival_water_star, layout_loops_ring,
          shapermc_ecumenical_altar_flowoftime
D:2:      layout_loops_corners, chequers_serial_rivers_small_b,
          dreamdust_wishing_well, kennysheep_small_spiral, uniq_terence,
          uniq_robin

Skill      XL: |  1  2  3 |
---------------+----------+-----
Invocations    | 1 |  1.1
Short Blades   | 1 |  1.0
Long Blades    | 1 |  1.0
Axes           | 1 |  1.0
Polearms       | 1 |  1.0
Staves         | 1 |  1.0
Ranged Weapons | 1 |  1.0
Throwing       | 1 |  1.0
Dodging        | 1 |  1.0
Stealth        | 1 |  1.0
Unarmed Combat | 1 |  1.0
Spellcasting   | 1 |  1.0
Evocations     | 1 |  1.0
Fighting       | |  6.6
Maces & Flails | |  4.6
Armour         | |  6.6
Shields        | |  6.6
Conjurations   | |  0.8
Hexes          | |  0.8
Summonings     | |  0.8
Necromancy     | |  0.8
Translocations | |  0.8
Transmutations | |  0.8
Fire Magic     | |  0.8
Ice Magic      | |  0.8
Air Magic      | |  0.8
Earth Magic    | |  0.8
Poison Magic   | |  0.8

Action                     |  1- 3 |  4- 6 || total
---------------------------+-------+-------++-------
  Melee: Flail             |   130 |     7 ||   137
         Bite              |     9 |       ||     9
    Use: Potion            |       |     3 ||     3
 Armour: Scale mail        |    59 |       ||    59
  Dodge: Dodged            |    55 |     2 ||    57
  Block: Buckler           |    29 |     2 ||    31

Table legend: (Time is in decaauts)
 A = Elapsed time spent in this place.
 B = Non-inter-level travel time spent in this place.
 C = Inter-level travel time spent in this place.
 D = Time resting spent in this place.
 E = Time spent auto-exploring this place.
 F = Levels seen in this place.
 G = Mean time per level.
                   A        B        C        D        E       F      G
               +--------+--------+--------+--------+--------+-----+--------+
         Total |   1469 |   1427 |     42 |      0 |   1098 |   2 |  734.5 |
       Dungeon |   1469 |   1427 |     42 |      0 |   1098 |   2 |  734.5 |
               +--------+--------+--------+--------+--------+-----+--------+

Top non-repeatable levels by time:
     D:1: 834 daAuts
     D:2: 635 daAuts
